 Dungeon Crawl Stone Soup version 0.17-a0-2007-g96ac4c4 (webtiles) character file.

64 Mordenkainen the Skirmisher (level 3, -7/29 HPs)
             Began as a Demonspawn Abyssal Knight on Oct 9, 2015.
             Was a Follower of Lugonu.
             Mangled by Sigmund
             ... wielding a +0 scythe
              (12 damage)
             ... on level 2 of the Dungeon.
             The game lasted 00:03:15 (1427 turns).

Mordenkainen the Skirmisher (DsAK)                  Turns: 1427, Time: 00:03:15

Health: -7/29      AC:  3    Str: 13    XL:     3   Next: 91%
Magic:  5/5        EV: 13    Int: 13    God:    Lugonu [*.....]
Gold:   64         SH:  0    Dex: 12    Spells: 0 memorised, 2 levels left

rFire  . . .     SeeInvis .     a - +1 falchion
rCold  . . .     Clarity  .     b - +0 leather armour
rNeg   . . .     SustAt   .     (no shield)
rPois  .         Gourm    .     (no helmet)
rElec  .         Spirit   .     (no cloak)
rCorr  .         Warding  .     (no gloves)
rMut   .         Stasis   .     (no boots)
MR     .....                    (no amulet)
Stlth  +.........               (no ring)
                                (no ring)

@: not resistant to hostile enchantments, very unstealthy
A: hooves 1, repulsion field 1
a: Depart the Abyss, Renounce Religion


You were on level 2 of the Dungeon.
You worshipped Lugonu.
Lugonu was aware of your devotion.
You were very hungry.

You visited 1 branch of the dungeon, and saw 2 of its levels.
You visited the Abyss 1 time.

You collected 64 gold pieces.

Inventory:

Hand Weapons
 a - a +1 falchion (weapon)
Armour
 b - a +0 leather armour (worn)
Jewellery
 e - a +3 ring of protection {unknown}
Wands
 k - a wand of random effects (29)
Scrolls
 f - 2 scrolls of remove curse {unknown}
 g - a scroll of recharging {unknown}
 h - 2 scrolls of teleportation {unknown}
 n - a scroll of noise {unknown}
Potions
 i - 3 potions of might
 l - a potion of agility {unknown}
 m - a potion of curing {unknown}
Comestibles
 c - a bread ration
 d - a royal jelly
 j - a slice of pizza


   Skills:
 * Level 3.5 Fighting
 * Level 2.2 Long Blades
 * Level 2.2 Armour
 * Level 1.4 Dodging
 * Level 3.4 Invocations


You had 2 spell levels left.
You didn't know any spells.

Dungeon Overview and Level Annotations

Branches:
Dungeon (2/15)

Altars:
Kikubaaqudgha
Xom

Annotations:
D:2 Sigmund


Innate Abilities, Weirdness & Mutations

You have large cloven feet.
You are surrounded by a mild repulsion field (EV +2).


Message History

Deactivating autopickup; reactivate with Ctrl-A.
The adder closely misses you.
Found 20 stones.
Found a stone staircase leading up.
You see here a giant gecko corpse.
You miss the adder. The adder bites you but does no damage.
You slash the adder!
You kill the adder!
Lugonu accepts your kill.
No target in view!
No target in view!
Use which ability?
Okay, then.
Something hits you.
You miss something. You kick something. Something hits you.
You closely miss something. Something hits you.
You barely miss something. Your kick misses something.
You closely miss something. Your kick misses something. Something hits you!
* * * LOW HITPOINT WARNING * * *
You hit something. You kick something. Something hits you!
You die...

... ##......
#.###......#
....<.....#
#........ # #
#......#####
.#.# #
#...........
.... #.###
#)#†..# ....
....###{.###
#..#@### #.#.##
#...#
#############.##
#.........# #.#
#.#######.# #.#
#.# ##.###.#
##.### ##...##.#
.....###.b...#.#


There were no monsters in sight!

Vanquished Creatures
  3 adders (D:2)
  An ooze (D:1)
  2 giant geckos
  A giant cockroach (D:1)
  5 hobgoblins
  2 jackals (D:1)
  9 bats (D:1)
  A giant newt (D:1)
  5 goblins (D:1)
  6 kobolds
  5 rats (D:1)
40 creatures vanquished.

Notes
Turn   | Place    | Note
--------------------------------------------------------------
     0 | Abyss:1  | Mordenkainen the Demonspawn Abyssal Knight began the quest for the Orb.
     0 | Abyss:1  | Reached XP level 1. HP: 18/18 MP: 2/2
    45 | Abyss:2  | Noticed a small abomination
    53 | Abyss:2  | Noticed a starcursed mass
    64 | D:1      | Escaped the Abyss
   300 | D:1      | Reached skill level 1 in Dodging
   314 | D:1      | Gained mutation: You have large cloven feet. [demonic ancestry]
   314 | D:1      | Reached XP level 2. HP: 14/24 MP: 4/4
   326 | D:1      | Acquired Lugonu's first power
   367 | D:1      | HP: 1/24 [hobgoblin/spear (4)]
   836 | D:1      | Gained mutation: You are surrounded by a mild repulsion field (EV +2). [demonic ancestry]
   836 | D:1      | Reached XP level 3. HP: 22/29 MP: 5/5
  1071 | D:2      | Found an ancient bone altar of Kikubaaqudgha.
  1343 | D:2      | Found a shimmering altar of Xom.
  1414 | D:2      | Noticed Sigmund
  1427 | D:2      | Mangled by Sigmund

Vault maps used:
D:1:      lemuel_arrival_broad_hall
D:2:      wad_woods_stonehenge, minitemple, xom_butterflies, first_bread,
          minmay_bisected, uniq_sigmund
Abyss:1:  hangedman_cross_veins

Action                   || total
-------------------------++-------
Melee: Falchion          ||   135
Invok: Depart the Abyss  ||     1
  Use: Potion            ||     3
  Eat: Chunk             ||     1
